 Dungeon Crawl Stone Soup version 0.26-a0-1012-gedcf9b2963 (webtiles) character file.

Game seed: 7858689760643412625

368 Forecaster the Magician (level 6, -3/50 HPs)
             Began as a Naga Hedge Wizard on Dec 7, 2020.
             Killed from afar by a white imp (4 damage)
             ... with a puff of frost
             ... on level 5 of the Dungeon.
             The game lasted 00:18:36 (6528 turns).

Forecaster the Magician (Naga Hedge Wizard)         Turns: 6528, Time: 00:18:36

Health: -3/50      AC:  4    Str: 12    XL:     6   Next: 69%
Magic:  12/13      EV: 10    Int: 14    God:
Gold:   162        SH:  0    Dex: 13    Spells: 9/14 levels left

rFire    + . .     SeeInvis +   I - staff of fire
rCold    . . .     Faith    .   (no shield)
rNeg     + . .     Spirit   .   b - +0 robe
rPois    +         Reflect  .   c - +0 hat
rElec    .         Harm     .   q - +0 cloak
rCorr    .         Rampage  .   (no gloves)
Will     .....                  (no barding)
Stlth    ++++......             (no amulet)
HPRegen  0.16/turn              i - ring of positive energy
MPRegen  0.13/turn              y - ring of stealth

@: lethally poisoned (-3 -> -3), very slow
A: large, see invisible, deformed body, poison resistance, slowness 2, spit
poison 1, AC +2
a: Spit Poison


You were on level 5 of the Dungeon.
You visited 1 branch of the dungeon, and saw 5 of its levels.

You collected 162 gold pieces.

Inventory:

Hand Weapons
 a - a +0 dagger
 r - a +0 scimitar
 z - a +0 bardiche
 C - a +1 vorpal mace
 D - a +2 whip of draining
 E - a cursed -3 longbow
 H - a +0 antimagic morningstar
Missiles
 n - 14 poisoned darts
Armour
 b - a +0 robe (worn)
 c - a +0 hat (worn)
 q - a +0 cloak (worn)
Magical Staves
 I - an uncursed staff of fire (weapon)
Jewellery
 i - a ring of positive energy (left hand)
 u - an uncursed ring of fire
 w - an uncursed ring of teleportation
 y - a ring of stealth (right hand)
 A - an uncursed ring of protection from fire {unknown}
Wands
 B - a wand of polymorph (8)
Scrolls
 j - 5 scrolls of identify
 k - 2 scrolls of fear
 l - 2 scrolls of magic mapping {unknown}
 t - 2 scrolls of amnesia {unknown}
 F - a scroll of fog
 G - a scroll of immolation {unknown}
Potions
 e - a potion of haste
 g - 4 potions of flight {unknown}
 h - a potion of brilliance {unknown}
 m - 3 potions of curing {unknown}
 o - a potion of cancellation {unknown}
 p - 2 potions of degeneration {unknown}
 s - 2 potions of mutation {unknown}
 v - 2 potions of attraction {unknown}
 x - 2 potions of ambrosia {unknown}


   Skills:
 + Level 0.9 Fighting
 + Level 0.6 Short Blades
 + Level 1.0(1.1) Maces & Flails
 + Level 0.5(0.9) Staves
 + Level 2.3 Dodging
 + Level 4.1 Stealth
 + Level 0.1 Unarmed Combat
 + Level 4.7 Spellcasting
 + Level 2.4 Conjurations
 + Level 2.8 Summonings
 + Level 1.0 Translocations


You had 9 spell levels left.
You knew the following spells:

 Your Spells              Type           Power        Failure   Level
a - Magic Dart            Conj           ##..         7%          1
b - Call Imp              Summ           ##......     9%          2
c - Blink                 Tloc           N/A          19%         2

Your spell library contained the following spells:

 Spells                   Type           Power        Failure   Level
 Slow                     Hex            #.......     26%         2
 Conjure Flame            Conj/Fire      ##......     32%         3
 Mephitic Cloud           Conj/Pois/Air  #.......     36%         3


Dungeon Overview and Level Annotations

Branches:
Dungeon (5/15)
 Temple: D:4-7

Altars:
Nemelex Xobeh
Okawaru
Ru

Annotations:
D:5 2 transporters, kuniqs's ghost, novice DEFE


Innate Abilities, Weirdness & Mutations

You cannot wear boots.
Your serpentine skin is tough. (AC +2)
You have supernaturally acute eyesight. (SInv)
Armour fits poorly on your strangely shaped body.
Your system is resistant to poisons. (rPois)
You cover ground very slowly.
You can spit poison.


Message History

The silver boomerang barely misses your crimson imp.
The silver boomerang completely misses you.
The weapon returns to the orc!
* * * LOW HITPOINT WARNING * * *
You feel sick.
The orc throws a silver boomerang.
The silver boomerang barely misses you.
The weapon returns to the orc!
The orc completely misses you.
The orc closely misses your crimson imp.
Your crimson imp hits the orc.
The adder barely misses you.
The white imp closely misses your crimson imp.
The orc closely misses you.
As you read the scroll of fear, it crumbles to dust.
You assume a fearsome visage.
Your crimson imp is unaffected.
The adder looks frightened!
The white imp is unaffected.
The orc looks frightened! x4
Your crimson imp blinks!
The white imp gestures at you. The puff of frost hits you.
You die...

....... .. .
#............###. ..
#...............###..
#...............#....
###..................#
##.#5...............#
#...................#
#.>.......o...##..!.#
#....@..5..o####o.#
##...........#......
##[.....#............
#...S..o...###......
#..........# #......
##.........# #......
####.###.### .......
###....# .♣ ....
#......#♣♣.♣ ...


You could see an adder (fleeing), a white imp, 3 orcs and a friendly crimson imp
(summoned).

Vanquished Creatures
  A water moccasin zombie (D:5)
  A scorpion (D:4)
  A bullfrog skeleton (D:5)
  An iguana (D:4)
  A worker ant (D:4)
  6 adders
  A shadow imp (D:4)
  An adder skeleton (D:4)
  A dart slug (D:1)
  8 leopard geckos
  5 orcs
  A ball python (D:4)
  10 bats
  4 giant cockroaches
  2 goblins (D:1)
  4 hobgoblins
  A quokka (D:4)
  7 frilled lizards
  6 kobolds
  5 rats
67 creatures vanquished.

Vanquished Creatures (collateral kills)
  2 orc priests
  Terence (D:3)
  2 worms (D:2)
  2 leopard geckos (D:5)
  10 orcs
  A goblin (D:2)
  3 hobgoblins
  3 jackals (D:3)
  2 kobolds
  A frilled lizard (D:5)
  A quokka skeleton (D:5)
28 creatures vanquished.

Grand Total: 95 creatures vanquished

Notes
Turn   | Place    | Note
-------+----------+-------------------------------------------
     0 | D:1      | Forecaster the Naga Hedge Wizard began the quest for the
                  | Orb.
     0 | D:1      | Reached XP level 1. HP: 15/15 MP: 4/4
   337 | D:1      | Reached XP level 2. HP: 20/22 MP: 0/6
   340 | D:1      | Learned a level 2 spell: Call Imp
   343 | D:1      | Learned a level 2 spell: Blink
  1216 | D:1      | Reached XP level 3. HP: 28/28 MP: 3/7
  1690 | D:2      | Reached XP level 4. HP: 36/36 MP: 3/9
  3291 | D:3      | Reached XP level 5. HP: 40/42 MP: 1/11
  3828 | D:3      | Noticed Terence
  3966 | D:3      | Killed Terence
  4364 | D:3      | Found a sparkling altar of Nemelex Xobeh.
  4461 | D:3      | Found an iron altar of Okawaru.
  4772 | D:4      | Found a sacrificial altar of Ru.
  5264 | D:4      | Reached XP level 6. HP: 34/50 MP: 7/12
  5746 | D:5      | Entered Level 5 of the Dungeon
  6072 | D:5      | Reached skill level 1 in Maces & Flails
  6336 | D:5      | Noticed a necrophage
  6339 | D:5      | Found a transporter.
  6372 | D:5      | Found a transporter.
  6372 | D:5      | Noticed kuniqs's ghost (novice DEFE)
  6524 | D:5      | HP: 2/50 [orc/silver boomerang (1)]
  6528 | D:5      | Killed from afar by a white imp

Illustrated notes

Levels and vault maps discovered:
D:1:      scummos_arrival_gate, layout_basic, bh_walls_and_bars
D:2:      minmay_inner_zag, layout_basic, minmay_pentomino_z4
D:3:      layout_loops_corners, nemelex_xobeh_ov_fountains_minmay,
          general_overflow_altar, uniq_terence
D:4:      minmay_octagon_keep, layout_rooms, kennysheep_little_box
D:5:      layout_cave_pools, gammafunk_ghost_arena, minmay_tree_intersection

Skill      XL: |  1  2  3  4  5  6 |
---------------+-------------------+-----
Dodging        | 2 |  2.3
Spellcasting   | 4 |  4.7
Conjurations   | 2 |  2.4
Summonings     | 2 |  2.8
Maces & Flails | 1 |  1.0
Stealth        | 4 |  4.1
Fighting       | |  0.9
Short Blades   | |  0.6
Staves         | |  0.5
Unarmed Combat | |  0.1
Translocations | |  1.0

Action                   |  1- 3 |  4- 6 || total
-------------------------+-------+-------++-------
Melee: Dagger            |    26 |    43 ||    69
       Mace              |       |    35 ||    35
       Unarmed           |       |     4 ||     4
       Staff             |       |    65 ||    65
 Cast: Magic Dart        |    56 |    79 ||   135
       Call Imp          |     3 |    44 ||    47
  Use: Scroll            |     5 |     4 ||     9
       Potion            |       |     2 ||     2
 Stab: Distracted        |       |     2 ||     2
       Sleeping          |       |     4 ||     4
       Confused          |       |     1 ||     1
Armor: Robe              |     6 |    46 ||    52
       Skin              |       |     4 ||     4
Dodge: Dodged            |    27 |   103 ||   130

Table legend: (Time is in decaauts)
 A = Elapsed time spent in this place.
 B = Non-inter-level travel time spent in this place.
 C = Inter-level travel time spent in this place.
 D = Time resting spent in this place.
 E = Time spent auto-exploring this place.
 F = Levels seen in this place.
 G = Mean time per level.
                   A        B        C        D        E       F      G
               +--------+--------+--------+--------+--------+-----+--------+
         Total |   7780 |   7502 |    278 |    799 |   5529 |   5 | 1556.0 |
       Dungeon |   7780 |   7502 |    278 |    799 |   5529 |   5 | 1556.0 |
               +--------+--------+--------+--------+--------+-----+--------+

Top non-repeatable levels by time:
     D:2: 2232 daAuts
     D:3: 1796 daAuts
     D:4: 1638 daAuts
     D:1: 1560 daAuts
     D:5: 552 daAuts
